 Dungeon Crawl Stone Soup version 0.29-a0-352-g0917bc69df (webtiles) character file.

Game seed: 3800226780736693476

256 spaghetti the Conjurer (level 6, -8/44 HPs)
             Began as a Gnoll Conjurer on Apr 24, 2022.
             Mangled by Edmund
             ... wielding a +4 dire flail of holy wrath
              (11 damage)
             ... on level 4 of the Dungeon.
             The game lasted 00:05:17 (3894 turns).

spaghetti the Conjurer (Gnoll Conjurer)             Turns: 3894, Time: 00:05:18

Health: -8/44      AC:  3    Str:  6    XL:     6   Next: 15%
Magic:  0/13       EV: 13    Int: 19    God:
Gold:   232        SH:  0    Dex: 11    Spells: 4/15 levels left

rFire   . . .      SeeInvis .   z - staff of poison {!astaff}
rCold   . . .      Faith    .   (no shield)
rNeg    . . .      Spirit   .   a - +0 robe
rPois   +          Reflect  .   (no helmet)
rElec   .          Harm     .   (no cloak)
rCorr   .          Rampage  .   (no gloves)
Will    .....                   B - +0 pair of boots
Stlth   +++.......              j - amulet of regeneration {@e2}
HPRegen 0.94/turn               (no ring)
MPRegen 0.13/turn               (no ring)

@: no status effects
A: fangs 1, strong nose, distributed training
a: no special abilities


You were on level 4 of the Dungeon.
You visited 1 branch of the dungeon, and saw 4 of its levels.
You also visited: Sewer.

You collected 232 gold pieces.


Innate Abilities, Weirdness & Mutations

You have very sharp teeth.
Your uncanny sense of smell can sniff out nearby items.
Your experience applies equally to all skills.


   Skills:
 + Level 1.8 Fighting
 + Level 1.8 Short Blades
 + Level 1.8 Long Blades
 + Level 1.8 Axes
 + Level 1.8 Maces & Flails
 + Level 1.8 Polearms
 + Level 1.8 Staves
 + Level 1.8 Slings
 + Level 1.8 Bows
 + Level 1.8 Crossbows
 + Level 1.8 Throwing
 + Level 1.8 Armour
 + Level 4.9 Dodging
 + Level 4.5 Stealth
 + Level 1.8 Shields
 + Level 1.8 Unarmed Combat
 + Level 5.3 Spellcasting
 + Level 7.2 Conjurations
 + Level 1.4 Hexes
 + Level 1.4 Summonings
 + Level 1.4 Necromancy
 + Level 1.4 Translocations
 + Level 1.4 Transmutations
 + Level 1.4 Fire Magic
 + Level 1.4 Ice Magic
 + Level 1.4 Air Magic
 + Level 1.4 Earth Magic
 + Level 1.4 Poison Magic
 + Level 2.0 Invocations
 + Level 1.8 Evocations


You had 4 spell levels left.
You knew the following spells:

 Your Spells              Type           Power      Damage    Failure   Level
a - Magic Dart            Conj           100%       1d8       1%          1
b - Searing Ray           Conj           64%        2d6       1%          2
c - Fulminant Prism       Conj/Hex       10%        3d9       21%         4
d - Iskenderun's Mystic   Conj/Tloc      21%        2d6       21%         4

Your spell library contained the following spells:

 Spells                   Type           Power      Damage    Failure   Level
 Conjure Flame            Conj/Fire      21%        6-21      6%          3
 Dazzling Flash           Conj/Hex       42%        N/A       6%          3
 Ignite Poison            Fire/Tmut/Pois 15%        N/A       21%         3
 Sticky Flame             Conj/Fire      21%        2d4       21%         4
 Starburst                Conj/Fire      10%        6d5       97%         6

Inventory:

Hand Weapons
 c - a +0 short sword {short}
   (You took it off a kobold on level 1 of the Dungeon)
 g - a +0 whip {mace}
   (You found it on level 1 of the Dungeon)
 i - a +0 club {mace}
   (You took it off a goblin on level 1 of the Dungeon)
 m - a +0 dagger {short}
   (You took it off a kobold on level 1 of the Dungeon)
 n - a +0 club {mace}
   (You took it off a kobold on level 2 of the Dungeon)
 o - a +0 spear {polearm}
   (You found it on level 2 of the Dungeon)
 p - a +0 dagger {short}
   (You found it on level 2 of the Dungeon)
 q - a +0 dagger {short}
   (You took it off a goblin on level 2 of the Dungeon)
 u - a +0 short sword {short}
   (You took it off a kobold on level 2 of the Dungeon)
 v - a +0 club {mace}
   (You took it off a goblin on level 2 of the Dungeon)
 w - a +0 hunting sling {sling}
   (You took it off a goblin on level 2 of the Dungeon)
Missiles
 d - 166 stones {throwing}
 s - 2 atropa-tipped darts {throwing}
 G - 5 poisoned darts {throwing}
Armour
 a - a +0 robe (worn)
 B - a +0 pair of boots (worn)
   (You found it on level 3 of the Dungeon)
Magical Staves
 z - a staff of poison (weapon) {!astaff}
   (You found it on level 2 of the Dungeon)
Jewellery
 h - a ring of poison resistance
   (You found it on level 1 of the Dungeon)
 j - an amulet of regeneration (around neck) {@e2}
   (You found it on level 1 of the Dungeon)
 F - a ring of protection from cold
   (You found it on level 4 of the Dungeon)
Wands
 I - a wand of polymorph (6)
   (You found it in a sewer)
Scrolls
 k - a scroll of brand weapon {unknown}
 t - 3 scrolls of amnesia {unknown}
 x - a scroll of identify {unknown}
 y - a scroll of fear {unknown}
 A - 4 scrolls of enchant weapon {unknown}
 C - a scroll of noise {unknown}
 D - 2 scrolls of torment {unknown}
 H - a scroll of teleportation {unknown}
 K - a scroll of enchant armour {unknown}
Potions
 b - a potion of magic
 e - 2 potions of haste {@q3}
 f - a potion of resistance {unknown}
 l - a potion of berserk rage {unknown}
 r - a potion of brilliance {unknown}
 E - 2 potions of curing {@q1}
 J - 2 potions of ambrosia {unknown}

Dungeon Overview and Level Annotations

Branches:
Dungeon (4/15)              Sewer (visited)
 Temple: D:4-7

Altars:
Makhleb
Sif Muna
Vehumet

Annotations:
D:4 Edmund

####### ......########## #
.(....@........ . ... #@....#
# #######.####.###.##
#.....#.##...# ..#
#.....#....### #.#
#.........### #.## #####
#...........#####..#### #....
#...>.................# #....
#.....#.....#.........###....
###..##..##.....†............


You could see Edmund.


Message History

You lost 1 mp, and now have 10/13 mp.
No target in view!
No target in view!
No target in view!
No target in view!
No target in view!
No target in view!
No target in view!
No target in view!
No target in view!
No target in view!
No target in view!
No target in view!
No target in view!
You enter the shallow water.
Moving in this stuff is going to be slow.
K - a scroll labelled QOARUITUPO 😎 MP[+3]
Your mp is fully restored (13).
You enter the shallow water.
Moving in this stuff is going to be slow.
You enter the shallow water.
Moving in this stuff is going to be slow.
Key pressed, stopping explore.
Key pressed, stopping explore.
Found a stone staircase leading down.
There is a stone staircase leading down here.
Edmund the Younger comes into view.
He is wielding a +4 dire flail of holy wrath.
Casting: Magic Dart (safe; 1% risk of failure)
Confirm with . or Enter, or press ? or * to list all spells.
Aiming: Searing Ray (safe; 1% risk of failure)
Press: ? - help, Shift-Dir - straight line, f - Edmund
Aim: Edmund, wielding a +4 dire flail of holy wrath and wearing a +0 leather armour (asleep, 100% to hit)
The searing ray hits Edmund.
Edmund shouts! (Press . to maintain the ray.) 😎 MP[-2]
You lost 2 mp, and now have 11/13 mp.
The searing ray hits Edmund!
Edmund hits you with a +4 dire flail of holy wrath!! 😮 HP[-18] MP[-1]
You take 18 damage, and now have 26/44 hp.
MASSIVE DAMAGE!! (PAUSE)
You lost 1 mp, and now have 10/13 mp.
The searing ray hits Edmund!
Edmund barely misses you. 😮 HP[+1] MP[-1]
You lost 1 mp, and now have 9/13 mp.
The searing ray hits Edmund.
You finish channelling your searing ray.
Edmund barely misses you. 😮 HP[+1] MP[-1]
You lost 1 mp, and now have 8/13 mp.
Casting: Searing Ray (safe; 1% risk of failure)
Confirm with . or Enter, or press ? or * to list all spells.
Aiming: Searing Ray (safe; 1% risk of failure)
Press: ? - help, Shift-Dir - straight line, f/p - Edmund
Aim: Edmund, wielding a +4 dire flail of holy wrath and wearing a +0 leather armour (heavily wounded, 81% to hit)
The searing ray misses Edmund. (Press . to maintain the ray.) Edmund says, "Maybe I'll buy a title.
How does Count Edmund sound?"
Edmund hits you with a +4 dire flail of holy wrath!
* * * LOW HITPOINT WARNING * * *
😨 HP[-7] MP[-2]
You take 7 damage, and now have 21/44 hp.
You lost 2 mp, and now have 6/13 mp.
The searing ray hits Edmund.
Edmund hits you with a +4 dire flail of holy wrath!
* * * LOW HITPOINT WARNING * * *
😱 HP[-10] MP[-1]
You take 10 damage, and now have 11/44 hp.
MASSIVE DAMAGE!! (PAUSE)
You lost 1 mp, and now have 5/13 mp.
The searing ray hits Edmund.
Edmund closely misses you. 😨 HP[+1]
The searing ray hits Edmund.
You finish channelling your searing ray.
Edmund barely misses you. 😨 HP[+1] MP[-1]
You lost 1 mp, and now have 4/13 mp.
Casting: Searing Ray (safe; 1% risk of failure)
Confirm with . or Enter, or press ? or * to list all spells.
Aiming: Searing Ray (safe; 1% risk of failure)
Press: ? - help, Shift-Dir - straight line, f/p - Edmund
Aim: Edmund, wielding a +4 dire flail of holy wrath and wearing a +0 leather armour (severely wounded, 81% to hit)
The searing ray hits Edmund. (Press . to maintain the ray.) Edmund hits you with a +4 dire flail of holy wrath!
* * * LOW HITPOINT WARNING * * *
😱 HP[-12] MP[-2]
You take 12 damage, and now have 1/44 hp.
MASSIVE DAMAGE!! (PAUSE)
You lost 2 mp, and now have 2/13 mp.
The searing ray hits Edmund.
Edmund drinks a potion.
Edmund is healed! 😱 HP[+1] MP[-1]
You lost 1 mp, and now have 1/13 mp.
The searing ray misses Edmund.
Edmund hits you with a +4 dire flail of holy wrath!
You die...

Skill      XL: |  1  2  3  4  5 |
---------------+----------------+-----
Spellcasting   | 5 |  5.3
Invocations    | 1 2 |  2.0
Fighting       | 1 |  1.8
Short Blades   | 1 |  1.8
Long Blades    | 1 |  1.8
Axes           | 1 |  1.8
Maces & Flails | 1 |  1.8
Polearms       | 1 |  1.8
Staves         | 1 |  1.8
Slings         | 1 |  1.8
Bows           | 1 |  1.8
Crossbows      | 1 |  1.8
Throwing       | 1 |  1.8
Armour         | 1 |  1.8
Shields        | 1 |  1.8
Unarmed Combat | 1 |  1.8
Evocations     | 1 |  1.8
Hexes          | 1 |  1.4
Summonings     | 1 |  1.4
Necromancy     | 1 |  1.4
Translocations | 1 |  1.4
Transmutations | 1 |  1.4
Fire Magic     | 1 |  1.4
Ice Magic      | 1 |  1.4
Air Magic      | 1 |  1.4
Earth Magic    | 1 |  1.4
Poison Magic   | 1 |  1.4
Dodging        | |  4.9
Stealth        | |  4.5
Conjurations   | |  7.2

Action                   |  1- 3 |  4- 6 || total
-------------------------+-------+-------++-------
Melee: Short sword       |       |     2 ||     2
       Bite              |       |     2 ||     2
       Unarmed           |       |     1 ||     1
 Cast: Magic Dart        |    84 |    89 ||   173
       Searing Ray       |       |     6 ||     6
  Use: Potion            |       |     2 ||     2
Dodge: Dodged            |     5 |    15 ||    20

Levels and vault maps discovered:
D:1:      dpeg_arrival_round_b, layout_basic,
          dreamdust_ecumenical_altar_drowned_temple, serial_park_tiny_1,
          minmay_tall_x
D:2:      layout_rooms, minmay_rat_hole
D:3:      layout_basic
D:4:      layout_rooms, bloody_makhleb, mainiacjoe_overflow_alcove_4,
          mainiacjoe_overflow_swirl, gup_sewer_entry_pipe,
          kennysheep_minor_cross, uniq_edmund

Notes
Turn   | Place    | Note
-------+----------+-------------------------------------------
     0 | D:1      | spaghetti the Gnoll Conjurer began the quest for the Orb.
     0 | D:1      | Reached XP level 1. HP: 13/13 MP: 6/6
     0 | D:1      | magus.rc [v1.9.6]
   227 | D:1      | Reached XP level 2. HP: 19/19 MP: 4/7
   230 | D:1      | Learned a level 2 spell: Searing Ray
   571 | D:1      | Reached XP level 3. HP: 20/25 MP: 0/9
   705 | D:1      | Found a faded altar of an unknown god.
   861 | D:1      | Reached skill level 5 in Spellcasting
  1239 | D:2      | Reached skill level 1 in Invocations
  1405 | D:2      | Reached skill level 1 in Fighting
  1405 | D:2      | Reached skill level 1 in Short Blades
  1405 | D:2      | Reached skill level 1 in Long Blades
  1405 | D:2      | Reached skill level 1 in Axes
  1405 | D:2      | Reached skill level 1 in Maces & Flails
  1405 | D:2      | Reached skill level 1 in Polearms
  1405 | D:2      | Reached skill level 1 in Staves
  1405 | D:2      | Reached skill level 1 in Slings
  1405 | D:2      | Reached skill level 1 in Bows
  1405 | D:2      | Reached skill level 1 in Crossbows
  1405 | D:2      | Reached skill level 1 in Throwing
  1405 | D:2      | Reached skill level 1 in Armour
  1405 | D:2      | Reached skill level 1 in Shields
  1405 | D:2      | Reached skill level 1 in Unarmed Combat
  1405 | D:2      | Reached skill level 1 in Evocations
  1552 | D:2      | Reached XP level 4. HP: 32/32 MP: 9/11
  1710 | D:2      | Reached skill level 1 in Hexes
  1710 | D:2      | Reached skill level 1 in Summonings
  1710 | D:2      | Reached skill level 1 in Necromancy
  1710 | D:2      | Reached skill level 1 in Translocations
  1710 | D:2      | Reached skill level 1 in Transmutations
  1710 | D:2      | Reached skill level 1 in Fire Magic
  1710 | D:2      | Reached skill level 1 in Ice Magic
  1710 | D:2      | Reached skill level 1 in Air Magic
  1710 | D:2      | Reached skill level 1 in Earth Magic
  1710 | D:2      | Reached skill level 1 in Poison Magic
  1832 | D:2      | You add the spells Conjure Flame, Ignite Poison and Sticky
                  | Flame to your library.
  1861 | D:2      | Learned a level 4 spell: Fulminant Prism
  1866 | D:2      | Learned a level 4 spell: Iskenderun's Mystic Blast
  2417 | D:3      | Reached XP level 5. HP: 37/37 MP: 8/12
  3047 | D:3      | You pick up a book of Spectacle and begin reading...
  3079 | D:4      | Found a burning altar of Makhleb.
  3195 | D:4      | Found a shimmering blue altar of Sif Muna.
  3299 | D:4      | Found a radiant altar of Vehumet.
  3544 | D:4      | Found a glowing drain.
  3550 | Sewer    | Entered a sewer
  3667 | Sewer    | Noticed a water moccasin
  3674 | Sewer    | Killed a water moccasin
  3675 | Sewer    | Reached skill level 2 in Invocations
  3675 | Sewer    | Reached XP level 6. HP: 25/44 MP: 4/13
  3883 | D:4      | Noticed Edmund
  3889 | D:4      | HP: 11/44 [Edmund/+4 dire flail of holy wrath (11)]
  3892 | D:4      | HP: 1/44 [Edmund/+4 dire flail of holy wrath (13)]
  3894 | D:4      | Mangled by Edmund

Vanquished Creatures
  A water moccasin (Sewer)
  3 gnolls (D:2)
  An adder (D:3)
  2 worms
  2 dart slugs (D:1)
  An orc (D:3)
  5 ball pythons
  7 endoplasms
  6 giant cockroaches
  6 goblins
  2 hobgoblins
  8 jackals
  8 kobolds
  8 quokkas
  7 bats
  5 frilled lizards
  23 rats
  A spectral hobgoblin (D:1)
96 creatures vanquished.

Table legend:
 A = Non-vault XP
 B = Vault XP
 C = Vault XP percentage of total XP
 D = Non-vault monster count
 E = Vault monster count
 F = Vault count percentage of total count
                 A         B        C        D         E       F
            +---------+---------+-------+---------+---------+-------
      Total |     158 |     208 |  56.8 |      60 |      36 |  37.5
            +---------+---------+-------+---------+---------+-------
        D:1 |      36 |       9 |  20.0 |      20 |       5 |  20.0
        D:2 |      74 |      20 |  21.3 |      21 |      19 |  47.5
        D:3 |      43 |       0 |   0.0 |      16 |       0 |   0.0
        D:4 |       5 |      14 |  73.7 |       3 |       7 |  70.0
      Sewer |       0 |     165 | 100.0 |       0 |       5 | 100.0
            +---------+---------+-------+---------+---------+-------

Illustrated notes

Table legend:
 A = Kills in this place as a percentage of kills in entire the game.
 B = Kills by you in this place as a percentage of kills by you in the entire game.
 C = Kills by friends in this place as a percentage of kills by friends in the entire game.
 D = Other kills in this place as a percentage of other kills in the entire game.
 E = Experience gained in this place as a percentage of experience gained in the entire game.
 F = Experience gained in this place divided by the number of levels of this place that you have seen.
                   A       B       C       D       E      F
               +-------+-------+-------+-------+-------+----------------------
         Total | 100.0 | 100.0 |   N/A |   N/A | 100.0 |  73.2
       Dungeon |  94.8 |  94.8 |   N/A |   N/A |  54.9 |  50.2
         Sewer |   5.2 |   5.2 |   N/A |   N/A |  45.1 | 165.0
               +-------+-------+-------+-------+-------+----------------------

Table legend: (Time is in decaauts)
 A = Elapsed time spent in this place.
 B = Non-inter-level travel time spent in this place.
 C = Inter-level travel time spent in this place.
 D = Time resting spent in this place.
 E = Time spent auto-exploring this place.
 F = Levels seen in this place.
 G = Mean time per level.
                   A        B        C        D        E       F      G
               +--------+--------+--------+--------+--------+-----+--------+
         Total |   3893 |   3822 |     71 |     87 |   3340 |   5 |  778.6 |
       Dungeon |   3644 |   3573 |     71 |     24 |   3198 |   4 |  911.0 |
         Sewer |    248 |    248 |      0 |     63 |    141 |   1 |  248.0 |
               +--------+--------+--------+--------+--------+-----+--------+

Top non-repeatable levels by time:
     D:1: 1120 daAuts
     D:2: 988 daAuts
     D:3: 952 daAuts
     D:4: 584 daAuts
   Sewer: 248 daAuts
